 Dungeon Crawl Stone Soup version 0.31-a0-232-gb1c03b2570 (webtiles) character file.

Game seed: 8845294961596192352

64 qw the Shooter (level 3, -2/30 HPs)
             Began as a Minotaur Hexslinger on July 6, 2023.
             Killed from afar by an orc wizard (6 damage)
             ... with a puff of flame
             ... on level 2 of the Dungeon.
             The game lasted 00:00:26 (982 turns).

qw the Shooter (Minotaur Hexslinger)                 Turns: 982, Time: 00:00:26

Health: -2/30      AC:  2    Str: 12    XL:     3   Next: 91%
Magic:  3/3        EV: 12    Int: 10    God:
Gold:   99         SH:  0    Dex: 14    Spells: 3/4 levels left

rFire   . . .        Y - +1 sling
rCold   . . .        (no shield)
rNeg    . . .        c - +0 robe
rPois   .            (helmet restricted)
rElec   .            (no cloak)
rCorr   .            (no gloves)
SInv    .            (no boots)
Will    .....        (no amulet)
Stlth   +            (no ring)
HPRegen 0.25/turn    (no ring)
MPRegen 0.08/turn

%: no passive effects
@: lethally poisoned (-2 -> -5)
A: horns 2, retaliatory headbutt
a: no special abilities


You were on level 2 of the Dungeon.
You visited 1 branch of the dungeon, and saw 2 of its levels.

You collected 99 gold pieces.


Innate Abilities, Weirdness & Mutations

You have a pair of horns on your head.
You reflexively headbutt those who attack you in melee.


   Skills:
 - Level 2.5 Fighting
 + Level 4.1 Ranged Weapons
 - Level 2.1 Dodging
 - Level 1.0 Spellcasting
 - Level 2.0 Hexes


You had 3 spell levels left.
You knew the following spells:

 Your Spells              Type           Power      Damage    Failure   Level
a - Slow                  Hex            16%        N/A       16%         1

Your spell library contained the following spells:

 Spells                   Type           Power      Damage    Failure   Level
 Inner Flame              Hex/Fire       2%         N/A       56%         3
 Portal Projectile        Hex/Tloc       4%         N/A       56%         3
 Cause Fear               Hex            2%         N/A       83%         4

Inventory:

Hand Weapons
 Y - a +1 sling (weapon)
Armour
 c - a +0 robe (worn)
 d - a +0 leather armour
Jewellery
 a - an amulet of guardian spirit
Scrolls
 b - a scroll of revelation {unknown}
 e - 2 scrolls of identify
Potions
 f - a potion of enlightenment {unknown}
 i - a potion of resistance {unknown}

Dungeon Overview and Level Annotations

Branches:
Dungeon (2/15)

Altars:


Message History

Something hits you.
You shoot a sling bullet.
The sling bullet closely misses the bat.
The bat hits you but does no damage. The adder closely misses you.
Something hits you.
You shoot a sling bullet. The sling bullet hits the adder.
The adder is lightly wounded.
The bat hits you but does no damage. The adder bites you.
The bat hits you but does no damage. The adder barely misses you.
Something hits you.
You shoot a sling bullet.
The sling bullet barely misses the adder.
The bat barely misses you. You furiously retaliate!
You headbutt the bat.
You kill the bat!
The adder barely misses you. You furiously retaliate!
You headbutt the adder, but do no damage.
You hear some strange, mumbled words.
You are confused.
977 ||| DRINKING potion of curing.
You feel better.
977 ||| (to cure confusion)
The adder closely misses you. Something hits you. The adder barely misses you.
You shoot a sling bullet. The sling bullet misses the adder.
The adder bites you but does no damage. Something hits you.
You shoot a sling bullet. The sling bullet misses the adder.
The adder bites you.
You are poisoned.
The adder poisons you! Something hits you. The adder barely misses you.
You shoot a sling bullet.
The sling bullet closely misses the adder.
You feel sick. Something hits you. The adder bites you. Something hits you.
The adder closely misses you.
You shoot a sling bullet. The sling bullet misses the adder.
You feel sick. The adder bites you but does no damage. Something hits you.
You shoot a sling bullet. The sling bullet hits the adder!
The adder is severely wounded.
You feel sick. The adder closely misses you.
You hear some strange, mumbled words.
A puff of flame appears from out of thin air!
The puff of flame hits you.
You die...

..........#
#########.######
#............#
..#####.####.##
########........#
#..........###..##
#.######...# #..)#
#..<# ##..# #@%.#
#..# .....)S{..#
#..# ..........#
#..# .########.#
#>.# .# #..# .#
#..# #.####..#####
#........(..#
....###..#.#.#


You could see an adder.

Vanquished Creatures
  A gnoll (D:1)
  An adder (D:2)
  A dart slug (D:2)
  4 orcs (D:2)
  2 endoplasms (D:1)
  2 goblins (D:1)
  5 hobgoblins (D:1)
  2 jackals (D:1)
  2 quokkas
  6 ball pythons (D:1)
  3 bats
  2 frilled lizards (D:1)
  2 kobolds
  3 rats
36 creatures vanquished.

Notes
Turn   | Place    | Note
-------+----------+-------------------------------------------
     0 | D:1      | qw the Minotaur Hexslinger began the quest for the Orb.
     0 | D:1      | Reached XP level 1. HP: 16/16 MP: 1/1
     0 | D:1      | 0 ||| qw: Version: 0.3-a-46-gb1f654a
     0 | D:1      | 0 ||| qw: Game counter: 2021
     0 | D:1      | 0 ||| qw: Melee chars always use a shield: true
     0 | D:1      | 0 ||| qw: God list: Okawaru
     0 | D:1      | 0 ||| qw: Allow faded altars: false
     0 | D:1      | 0 ||| qw: Do Orc after clearing Dungeon:15 true
     0 | D:1      | 0 ||| qw: Do second Lair branch before Depths: true
     0 | D:1      | 0 ||| qw: Lair rune preference: random
     0 | D:1      | 0 ||| qw: Goals: Normal
     0 | D:1      | 0 ||| PLANNING D:1-11
   111 | D:1      | Reached skill level 3 in Ranged Weapons
   168 | D:1      | Reached XP level 2. HP: 23/23 MP: 2/2
   453 | D:1      | Reached XP level 3. HP: 30/30 MP: 3/3
   701 | D:1      | 701 ||| READING scroll labelled JUERHURENO.
   705 | D:1      | 705 ||| READING 2 scrolls labelled LURYCA SEERCH.
   706 | D:1      | 706 ||| READING scroll labelled MABURO BAMAUKH.
   707 | D:1      | 707 ||| READING scroll labelled ZEDONG JUASHOS.
   808 | D:1      | 808 ||| DRINKING 2 fuming black potions.
   809 | D:1      | 809 ||| DROPPING scroll of poison.
   965 | D:2      | Reached skill level 4 in Ranged Weapons
   977 | D:2      | 977 ||| DRINKING potion of curing.
   977 | D:2      | 977 ||| (to cure confusion)
   980 | D:2      | HP: 7/30 [something (3)]
   982 | D:2      | Killed from afar by an orc wizard

Levels and vault maps discovered:
D:1:      minmay_arrival_diagonal_passages, layout_basic
D:2:      layout_loops_ring, uniq_sigmund

Skill      XL: |  1  2  3 |
---------------+----------+-----
Ranged Weapons | 3 4 |  4.1
Fighting       | 2 |  2.5
Dodging        | |  2.1
Spellcasting   | |  1.0
Hexes          | |  2.0

Action                     || total
---------------------------++-------
   Fire: Sling             ||   110
    Use: Scroll            ||     4
         Potion            ||     2
 Armour: Robe              ||    16
  Dodge: Dodged            ||    46

Table legend:
 A = Non-vault XP
 B = Vault XP
 C = Vault XP percentage of total XP
 D = Non-vault monster count
 E = Vault monster count
 F = Vault count percentage of total count
                 A         B        C        D         E       F
            +---------+---------+-------+---------+---------+-------
      Total |      92 |       0 |   0.0 |      36 |       0 |   0.0
            +---------+---------+-------+---------+---------+-------
        D:1 |      56 |       0 |   0.0 |      26 |       0 |   0.0
        D:2 |      36 |       0 |   0.0 |      10 |       0 |   0.0
            +---------+---------+-------+---------+---------+-------
